 Dungeon Crawl Stone Soup version 0.30-a0-852-g08b95dd62f (webtiles) character file.

Game seed: 10251905395095352979

1065 oldriver the Trooper (level 8, -2/76 HPs)
             Began as a Gargoyle Reaver on Mar 4, 2023.
             Killed from afar by a white imp (11 damage)
             ... with a puff of frost
             ... on level 5 of the Dungeon.
             The game lasted 00:06:18 (3519 turns).

oldriver the Trooper (Gargoyle Reaver)              Turns: 3519, Time: 00:06:18

Health: -2/76      AC: 24    Str: 20    XL:     8   Next: 27%
Magic:  11/11      EV:  2    Int: 14    God:
Gold:   238        SH:  0    Dex:  8    Spells: 10/11 levels left

rFire   . . .      SeeInvis .    n - +6 mace "Cusmo" {flame, Str+2}
rCold   . . .      Faith    .    (no shield)
rNeg    + . .      Spirit   .    d - melded +0 chain mail
rPois   ∞          Reflect  .    e - melded +0 helmet
rElec   .          Rampage  .    (cloak currently unavailable)
rCorr   .          NoTele   +    k - melded +1 pair of gloves
Will    +....                    (boots currently unavailable)
Stlth   +                        (no amulet)
HPRegen 0.32/turn                b - ring of willpower
MPRegen 0.12/turn                m - ring of flight

@: tree-form (expiring)
A: stationary, stasis, torment immunity, boosted hp, sickness immunity, AC +5,
negative energy resistance 1, (electricity resistance), torment resistance 1,
petrification resistance
a: no special abilities


You were on level 5 of the Dungeon.
You were a tree.
You visited 1 branch of the dungeon, and saw 5 of its levels.

You collected 238 gold pieces.

Inventory:

Hand Weapons
 a - a +1 hand axe of venom
 n - the +6 mace "Cusmo" (weapon) {flame, Str+2}
   (You found it on level 4 of the Dungeon)

   Str:       It affects your strength (+2).
Missiles
 p - a throwing net
 t - 3 boomerangs of dispersal
 u - 6 poisoned darts
Armour
 d - a +0 chain mail (melded)
 e - a +0 helmet (melded)
 k - a +1 pair of gloves (melded)
 x - the +1 scale mail of the Dungeon {Str+4}
   (You found it on level 5 of the Dungeon)

   Str:       It affects your strength (+4).
Jewellery
 b - a ring of willpower (left branch)
 m - a ring of flight (right branch)
 v - the amulet of Ethics {Acrobat Will++ rCorr Int-2 Dex+3}
   (You found it on level 5 of the Dungeon)

   [amulet of the acrobat]

   It increases your evasion while moving and waiting.
   Int:       It affects your intelligence (-2).
   Dex:       It affects your dexterity (+3).
   rCorr:     It protects you from acid and corrosion.
   Will:      It greatly increases your willpower.
Wands
 f - a wand of roots (5)
Scrolls
 w - a scroll of identify
Potions
 c - a potion of heal wounds
 i - a potion of lignification
 j - a potion of brilliance
 l - a potion of mutation
 s - a potion of degeneration {unknown}


   Skills:
 + Level 6.1 Fighting
 - Level 5.9(6.5) Axes
 * Level 4.6(6.2) Maces & Flails
 - Level 2.0 Armour
 - Level 1.5 Dodging
 - Level 2.0 Spellcasting
 - Level 3.2 Conjurations


You had 10 spell levels left.
You knew the following spells:

 Your Spells              Type           Power      Damage    Failure   Level
a - Kiss of Death         Conj/Necr      24%        2d7       12%         1

Your spell library contained the following spells:

 Spells                   Type           Power      Damage    Failure   Level
 Momentum Strike          Conj/Tloc      12%        3d8       19%         2
 Beastly Appendage        Tmut           2%         N/A       24%         1
 Wereblood                Tmut           1%         N/A       34%         2
 Hailstorm                Conj/Ice       6%         3d4       36%         3
 Spider Form              Tmut/Pois      1%         N/A       56%         3


Dungeon Overview and Level Annotations

Branches:
Dungeon (5/15)
 Temple: D:4-7

Altars:

Annotations:
D:4 3 runed translucent doors, Rudyous's ghost, amateur MiFi


Innate Abilities, Weirdness & Mutations

You are a tree.
Your roots penetrate the ground, keeping you stationary.
You cannot be teleported.
You are immune to unholy pain and torment.
Your maximum health is greatly increased.
Your equipment is partially melded.
You are immune to sickness and miasma.
((Your stone body is resilient. (AC +5)))
You are immune to poison.
You resist negative energy. (rN+)
((You are resistant to electric shocks. (rElec)))
You are resistant to unholy torment.
You are immune to petrification.


Message History

You kill the orc!
The centaur hits you but does no damage.
The centaur kicks you but does no damage.
The adder bites you but does no damage. The iguana bites you.
* * * LOW HITPOINT WARNING * * *
The gnoll sergeant completely misses you.
The centaur hits you but does no damage.
The centaur kicks you but does no damage.
You closely miss the adder. The adder bites you but does no damage.
The centaur hits you but does no damage.
The centaur kicks you but does no damage.
The adder bites you.
* * * LOW HITPOINT WARNING * * *
The gnoll sergeant hits you but does no damage.
The iguana bites you but does no damage.
The white imp hits you but does no damage.
You barely miss the white imp. The centaur completely misses you.
The centaur kicks you but does no damage.
The adder bites you but does no damage.
The orc wizard hits you but does no damage.
The centaur completely misses you.
The centaur kicks you but does no damage.
The gnoll sergeant hits you but does no damage.
The iguana bites you but does no damage.
The white imp summons a swarm of flies.
The white imp barely misses you.
You hit the white imp. You burn the white imp.
The white imp is moderately wounded.
Your transformation is almost over.
The centaur hits you.
* * * LOW HITPOINT WARNING * * *
The centaur kicks you but does no damage.
The adder bites you but does no damage.
The orc wizard hits you but does no damage.
The gnoll sergeant hits you from afar with a +0 spear.
* * * LOW HITPOINT WARNING * * *
The iguana bites you but does no damage.
The white imp gestures at you. The puff of frost hits you!
You die...

........##..##...#
#######†##.###...#
##..#.# ##### #.....###
######## ######.#.....#
#......#
.......#####.####......#
####.....>....g##......#
#...######..gg5oS.....#
...## ######♣l5....# ###
##cl....# #{.....#
#).....# #......#
#......# ########


You could see a gnoll sergeant, a centaur, 2 iguanas, an orc wizard, 2 gnolls,
an adder, a white imp and an ufetubus.

Vanquished Creatures
  Grinder (D:3)
  Sigmund (D:2)
  Duvessa (D:5)
  A bullfrog (D:4)
  2 scorpions (D:4)
  Dowan (D:5)
  A howler monkey (D:5)
  2 jellies (D:4)
  2 hounds (D:5)
  An orc priest (D:5)
  Jessica (D:3)
  Natasha (D:3)
  Terence (D:2)
  5 adders
  2 worms
  2 dart slugs
  7 orcs
  6 ball pythons
  15 endoplasms
  3 giant cockroaches
  3 goblins
  7 hobgoblins
  3 quokkas
  4 bats
  A frilled lizard (D:2)
  9 kobolds
  5 rats
  A spectral hobgoblin (D:2)
89 creatures vanquished.

Vanquished Creatures (others)
  5 fungi (D:4)
  2 plants (D:4)
  7 toadstools (D:4)
14 creatures vanquished.

Grand Total: 103 creatures vanquished

Notes
Turn   | Place    | Note
-------+----------+-------------------------------------------
     0 | D:1      | oldriver the Gargoyle Reaver began the quest for the Orb.
     0 | D:1      | Reached XP level 1. HP: 12/12 MP: 3/3
   340 | D:1      | Reached XP level 2. HP: 15/18 MP: 5/5
   957 | D:2      | Reached XP level 3. HP: 19/22 MP: 6/6
   974 | D:2      | Noticed Sigmund
  1008 | D:2      | Killed Sigmund
  1009 | D:2      | Reached skill level 3 in Fighting
  1009 | D:2      | Reached XP level 4. HP: 11/29 MP: 7/7
  1009 | D:2      | Reached XP level 5. HP: 13/33 MP: 8/8
  1467 | D:2      | Found a faded altar of an unknown god.
  1612 | D:2      | Noticed Terence
  1639 | D:2      | Killed Terence
  1640 | D:2      | Reached skill level 4 in Fighting
  1640 | D:2      | Reached XP level 6. HP: 20/38 MP: 9/9
  1820 | D:3      | Identified the +9 spear "Mejo" {distort, rN+++ Str+4 Dex-5}
  2136 | D:3      | Noticed Natasha
  2149 | D:3      | Killed Natasha
  2150 | D:3      | Reached skill level 5 in Axes
  2203 | D:3      | Noticed Jessica
  2209 | D:3      | Killed Jessica
  2328 | D:3      | Noticed Grinder
  2339 | D:3      | Killed Grinder
  2340 | D:3      | Reached XP level 7. HP: 31/44 MP: 10/10
  2663 | D:4      | Identified the +6 mace "Cusmo" {flame, Str+2}
  2750 | D:4      | Reached skill level 5 in Fighting
  2750 | D:4      | Reached skill level 1 in Maces & Flails
  3174 | D:4      | Found a runed translucent gate.
  3174 | D:4      | Found a runed translucent gate.
  3175 | D:4      | Found a runed translucent gate.
  3176 | D:4      | Noticed Rudyous's ghost (amateur MiFi)
  3428 | D:5      | Entered Level 5 of the Dungeon
  3473 | D:5      | Identified the amulet of Ethics {Acrobat Will++ rCorr Int-2
                  | Dex+3}
  3478 | D:5      | Identified the +1 scale mail of the Dungeon {Str+4}
  3483 | D:5      | Noticed Duvessa
  3484 | D:5      | Noticed Dowan
  3488 | D:5      | Reached XP level 8. HP: 51/51 MP: 11/11
  3495 | D:5      | Killed Duvessa
  3505 | D:5      | Killed Dowan
  3506 | D:5      | Reached skill level 6 in Fighting
  3519 | D:5      | Killed from afar by a white imp

Illustrated notes

Levels and vault maps discovered:
D:1:      grunt_arrival_lava_bath, layout_basic, hangedman_glass_teeth
D:2:      layout_basic, dreamdust_ecumenical_altar_drowned_temple, uniq_sigmund,
          uniq_terence
D:3:      layout_basic, uniq_grinder, uniq_natasha, uniq_jessica
D:4:      cheibrodos_fertilizer, layout_basic, gammafunk_ghost_nasty_kobolds
D:5:      layout_rooms, eat_drink_and_be_merry_uskayaw, chequers_arboretum,
          uniq_duvessa

Skill      XL: |  1  2  3  4  5  6  7  8 |
---------------+-------------------------+-----
Axes           | 3 4 5 |  5.9
Fighting       | 3 4 5 6 |  6.1
Armour         | 2 |  2.0
Maces & Flails | 3 4 |  4.6
Dodging        | |  1.5
Spellcasting   | |  2.0
Conjurations   | |  3.2

Action                     |  1- 3 |  4- 6 |  7- 9 || total
---------------------------+-------+-------+-------++-------
  Melee: Hand axe          |   120 |   112 |     8 ||   240
         Punch             |     3 |     1 |     1 ||     5
         Mace              |       |       |    87 ||    87
    Use: Potion            |     1 |     2 |     2 ||     5
         Scroll            |       |     7 |     5 ||    12
 Armour: Chain mail        |    85 |    57 |    97 ||   239
         Leather armour    |     3 |       |       ||     3
         Skin              |       |       |   103 ||   103
  Dodge: Dodged            |    43 |    40 |    52 ||   135

Table legend: (Time is in decaauts)
 A = Elapsed time spent in this place.
 B = Non-inter-level travel time spent in this place.
 C = Inter-level travel time spent in this place.
 D = Time resting spent in this place.
 E = Time spent auto-exploring this place.
 F = Levels seen in this place.
 G = Mean time per level.
                   A        B        C        D        E       F      G
               +--------+--------+--------+--------+--------+-----+--------+
         Total |   3561 |   3252 |    309 |     23 |   2528 |   5 |  712.2 |
       Dungeon |   3561 |   3252 |    309 |     23 |   2528 |   5 |  712.2 |
               +--------+--------+--------+--------+--------+-----+--------+

Top non-repeatable levels by time:
     D:3: 951 daAuts
     D:1: 947 daAuts
     D:2: 941 daAuts
     D:4: 627 daAuts
     D:5: 94 daAuts
